 Dungeon Crawl Stone Soup version 0.19.1 (webtiles) character file.

167524 Pytinka the Impaler (level 17, -3/190 HPs)
             Began as a Minotaur Fighter on Dec 25, 2016.
             Was the Champion of Qazlal.
             Slain by a spark wasp (5 damage)
             ... on level 3 of the Spider Nest.
             The game lasted 01:40:06 (35058 turns).

Pytinka the Impaler (Minotaur Fighter)             Turns: 35058, Time: 01:40:08

Health: -3/190     AC: 13    Str: 37 (38) XL:     17   Next: 31%
Magic:  20/20      EV: 10    Int:  4 (5)  God:    Qazlal [******]
Gold:   1423       SH: 18    Dex:  5      Spells: 0 memorised, 16 levels left

rFire  + . .     SeeInvis .     V - +3 trident "Kograf" {drain, rPois rF+ MR+}
rCold  . . .     Gourm    +     M - +4 plate armour
rNeg   + . .     Faith    .     v - +3 buckler {reflect}
rPois  +         Spirit   .     (helmet restricted)
rElec  +         Reflect  +     W - +2 cloak
rCorr  .         Harm     .     F - +0 pair of gloves
MR     ++...                    (no boots)
Stlth  ..........               I - amulet of the gourmand
                                J - +5 ring of strength
                                a - ring of Heagip {+Blink rN+ Dex-3 Slay+5}

@: berserking, silence (expiring), protected from electricity, corroded, very
slightly contaminated, repel missiles, very quick
A: retaliatory headbutt, horns 2, clumsy 1, deterioration 1, frail 2, low mp 1,
slow regeneration 1, MP-powered wands
a: Renounce Religion, Evoke Blink


You were on level 3 of the Spider Nest.
You worshipped Qazlal.
Qazlal was exalted by your worship.
You were not hungry.

You visited 6 branches of the dungeon, and saw 30 of its levels.
You also visited: Labyrinth and Ossuary.

You collected 2236 gold pieces.
You spent 813 gold pieces at shops.

Inventory:

Hand Weapons
 L - a +6 trident of freezing
 V - the +3 trident "Kograf" (weapon) {drain, rPois rF+ MR+}
   (You found it on level 5 of the Lair of Beasts)

   A truly terrible weapon, it drains the life of those it strikes.
   It protects you from fire.
   It protects you from poison.
   It affects your resistance to hostile enchantments.
Armour
 v - a +3 buckler of reflection (worn)
 F - a +0 pair of gloves (worn)
 M - a +4 plate armour (worn)
 W - a +2 cloak (worn)
Jewellery
 a - the ring of Heagip (left hand) {+Blink rN+ Dex-3 Slay+5}
   (You took it off a minotaur in a labyrinth)

   [ring of slaying]

   It affects your dexterity (-3).
   It affects your accuracy and damage with ranged weapons and melee attacks
   (+5).
   It protects you from negative energy.
   It lets you blink.
 c - a +2 ring of intelligence {unknown}
 I - an amulet of the gourmand (around neck)
 J - a +5 ring of strength (right hand)
Wands
 d - a wand of disintegration (11/24)
 s - a wand of digging (0/24)
 x - a wand of disintegration (12/24)
Scrolls
 b - 3 scrolls of silence
 g - a scroll of acquirement {unknown}
 h - 6 scrolls of teleportation
 m - 2 scrolls of magic mapping
 r - 6 scrolls of fear
 w - 2 scrolls of identify
 y - 16 scrolls of remove curse
 A - 3 scrolls of fog
 D - 3 scrolls of summoning
 N - 5 scrolls of recharging
Potions
 f - 2 potions of berserk rage
 j - 2 potions of might
 k - 2 potions of haste
 p - 3 potions of ambrosia {unknown}
 u - 4 potions of invisibility {unknown}
 z - 2 potions of beneficial mutation {unknown}
 C - 2 potions of resistance
 G - a potion of curing
 H - 2 potions of magic
 P - 4 potions of flight
 S - a potion of cancellation
Miscellaneous
 q - 2 boxes of beasts
Comestibles
 l - 11 meat rations
 E - 6 bread rations


   Skills:
 * Level 16.5 Fighting
   Level 1.2 Long Blades
   Level 13.0 Maces & Flails
 * Level 17.8 Polearms
 + Level 14.6 Armour
 + Level 4.1 Dodging
 + Level 2.0 Stealth
 + Level 16.8 Shields
 * Level 9.2 Invocations
 - Level 1.1 Evocations


You had 16 spell levels left.
You didn't know any spells.

Dungeon Overview and Level Annotations

Branches:
Dungeon (12/15)            Temple (1/1) D:4            Lair (6/6) D:11
  Swamp (0/4) Lair:2       Spider (4/4) Lair:2        Slime (5/5) Lair:6
    Orc (2/2) D:12            Elf (0/3) Orc:2

Altars:
Ashenzari
Cheibriados
Dithmenos
Elyvilon
Fedhas
Gozag
Hepliaklqana
Kikubaaqudgha
Makhleb
Nemelex Xobeh
Okawaru
Qazlal
Ru
Sif Muna
Trog
Uskayaw
Vehumet
Xom
Yredelemnul
Zin
The Shining One
Beogh
Jiyva

Shops:
D:4 ?   D:9 *   D:10 !   Orc:2 *[(*


Innate Abilities, Weirdness & Mutations

You reflexively headbutt those who attack you in melee.
You have a pair of horns on your head.
You are clumsy. (Dex -2)
Your body sometimes deteriorates upon taking damage.
You are very frail. (-20% HP)
Your magical capacity is low. (-10% MP)
You regenerate slowly when monsters are visible.
You expend magic power (3 MP) to strengthen your wands.


Message History

The entropy weaver gestures wildly while chanting.
The entropic weave corrodes you!
You climb upwards.
There is a stone staircase leading down, spattered with blood here.
You feel much better. You block the spark wasp's attack.
The spark wasp stings you.
* * * LOW HITPOINT WARNING * * *
The spark wasp shocks you. You resist.
You feel more protected from electricity.
* * * LOW HITPOINT WARNING * * *
You barely miss the spark wasp.
The spark wasp is lightly wounded.
You block the spark wasp's attack.
A red film seems to cover your vision as you go berserk!
You feel yourself moving faster!
You feel mighty!
The spark wasp is engulfed in freezing vapours.
The spark wasp stings you!!
* * * LOW HITPOINT WARNING * * *
The spark wasp shocks you. You resist.
You die...

#### ####.≈## ##......# ###
#.......# #### ##.## ###...≈##
##≈≈####...## ###....#≈##
#≈≈≈≈##.....#### #≈......≈#≈
≈≈≈≈≈≈##.......### #........≈.
≈≈≈≈≈####......#@##########....#.
≈≈≈≈≈≈####.....y§!#≈##.##.#....#.
..≈.#≈≈###......§..≈##..<........
....≈#...##...^###≈#≈##>.....^...
....≈##.^.#.....≈≈..≈≈≈#...####..
..####...###....#....≈≈#.#≈#..###
....^≈...#.#.......≈≈≈#≈≈≈≈...#.#
....≈###...##....###....≈.##..#..
....#.≈...##...............#.....


You could see a spark wasp.

Vanquished Creatures
  Nikola (Spider:3)
  Arachne (Spider:2)
  Jorgrun (Spider:3)
  7 acid blobs
  4 azure jellies
  The ghost of Pytinka the Peltast, a journeyman MiFi of Qazlal (Spider:3)
  A fire giant (Orc:2)
  2 emperor scorpions
  2 ghost moths
  5 entropy weavers
  The ghost of Schattenjager the Unseen, a journeyman SpAs of Fedhas (Lair:6)
  A death ooze (Slime:4)
  Snorg (D:12)
  Erolcha (Orc:2)
  2 great orbs of eyes (Slime:3)
  5 hydras
  A minotaur (Lab)
  A merfolk avatar (Lair:6)
  13 death yaks
  Sonja (Orc:2)
  Urug (Lair:5)
  The ghost of Nakatomy the Archer, a novice CeHu of Trog (D:7)
  A sea snake (Lair:6)
  An unseen horror (D:12)
  4 hill giants
  An orc knight (Orc:1)
  A harpy (Lair:6)
  Pikel (D:4)
  2 orc sorcerers (Orc:2)
  20 orb spiders
  29 wolf spiders
  2 manticores (Lair:6)
  5 shining eyes
  2 moths of wrath
  7 elephants (Lair:6)
  3 black mambas
  2 eyes of devastation
  15 spiny frogs
  8 rime drakes (Lair:6)
  11 komodo dragons
  18 demonic crawlers
  4 trolls
  43 jumping spiders
  9 hornets
  A tyrant leech (Lair:2)
  The ghost of Nakatomy the Archer, an amateur CeHu (D:4)
  A wind drake (Lair:6)
  A queen bee (D:9)
  4 polar bears
  The ghost of awk the Poker, an amateur DsGl of Makhleb (Ossuary)
  42 slime creatures
  Grinder (D:6)
  8 blink frogs
  11 hippogriffs
  70 redbacks
  34 tarantellas
  A vampire (D:10)
  33 yaks
  A fire elemental (Orc:2)
  4 basilisks
  7 wyverns
  3 golden eyes (Slime:3)
  A steam dragon (D:9)
  2 vampire mosquitoes (D:12)
  2 soldier ants
  A swamp worm (Lair:2)
  A warg (Orc:1)
  9 water moccasins
  11 porcupines
  3 black bears
  3 ice beasts
  42 orc warriors
  3 slaves (D:4)
  A necrophage (D:9)
  An eye of draining (Slime:2)
  6 wolves
  15 ogres
  11 centaurs
  2 phantoms
  13 crocodiles
  2 big kobolds
  14 bullfrogs
  3 gnoll sergeants
  A scorpion (D:5)
  19 killer bees (D:9)
  8 electric eels
  6 wights
  A centaur zombie (D:9)
  3 howler monkeys (D:12)
  4 crimson imps
  2 jellies
  24 orc priests
  7 hounds
  A human zombie (Ossuary)
  3 bullfrog skeletons
  A gnoll shaman (D:10)
  8 iguanas
  28 orc wizards
  11 worker ants
  A howler monkey zombie (D:6)
  4 mummies
  A worker ant zombie (D:7)
  31 gnolls
  6 adders
  2 river rats (D:11)
  6 shadow imps
  2 oozes
  An adder skeleton (D:8)
  4 adder zombies
  3 worms
  3 dart slugs
  8 leopard geckos
  100 orcs
  5 giant cockroaches
  7 goblins
  3 hobgoblins
  14 jackals
  7 quokkas
  A ball python (D:3)
  5 bats
  9 frilled lizards
  A gnoll zombie (Ossuary)
  5 goblin zombies
  5 hobgoblin zombies
  16 kobolds
  4 kobold zombies (Ossuary)
  A leopard gecko skeleton (D:5)
  A leopard gecko zombie (D:8)
  3 quokka zombies (Ossuary)
  8 rats
  5 bushes (Lair:6)
  20 fungi
  8 plants
1040 creatures vanquished.

Vanquished Creatures (collateral kills)
  A redback (Spider:1)
1 creature vanquished.

Vanquished Creatures (others)
  Nessos (Orc:2)
  A cyclops (D:12)
  A redback (Spider:1)
  An orc warrior (Orc:2)
  A slave (D:4)
  A gnoll (D:10)
  3 fungi (Lair:6)
  23 plants
32 creatures vanquished.

Grand Total: 1073 creatures vanquished

Notes
Turn   | Place    | Note
-------+----------+-------------------------------------------
     0 | D:1      | Pytinka the Minotaur Fighter began the quest for the Orb.
     0 | D:1      | Reached XP level 1. HP: 19/19 MP: 0/0
    29 | D:1      | Reached XP level 2. HP: 26/27 MP: 1/1
   306 | D:1      | Reached XP level 3. HP: 33/33 MP: 2/2
   860 | D:2      | Reached skill level 3 in Polearms
  1005 | D:2      | Reached XP level 4. HP: 37/40 MP: 3/3
  1264 | D:3      | Found a sacrificial altar of Ru.
  1432 | D:3      | Reached XP level 5. HP: 11/47 MP: 4/4
  1692 | D:3      | Reached skill level 4 in Polearms
  2268 | D:4      | Noticed Nakatomy's ghost (amateur CeHu)
  2282 | D:4      | Killed Nakatomy's ghost
  2282 | D:4      | Reached skill level 5 in Polearms
  2282 | D:4      | Reached skill level 5 in Armour
  2282 | D:4      | Reached skill level 5 in Shields
  2282 | D:4      | Reached XP level 6. HP: 39/53 MP: 5/5
  2756 | D:4      | Found a hide-covered altar of Uskayaw.
  2756 | D:4      | Found a bloodstained altar of Trog.
  2756 | D:4      | Found a shattered altar of Ashenzari.
  2756 | D:4      | Found an ancient bone altar of Kikubaaqudgha.
  2778 | D:4      | Reached XP level 7. HP: 55/60 MP: 6/6
  2782 | D:4      | Found a shimmering altar of Xom.
  2782 | D:4      | Found a basalt altar of Yredelemnul.
  2842 | D:4      | Found a staircase to the Ecumenical Temple.
  2893 | Temple   | Entered the Ecumenical Temple
  2959 | Temple   | Became a worshipper of Qazlal Stormbringer
  2990 | D:4      | Found Qihain's Magic Scroll Shop.
  3046 | D:4      | Noticed Pikel
  3061 | D:4      | Killed Pikel
  3061 | D:4      | Reached skill level 5 in Fighting
  3061 | D:4      | Reached skill level 7 in Polearms
  3061 | D:4      | Reached skill level 1 in Dodging
  3149 | D:4      | Gained mutation: You expend magic power (3 MP) to strengthen your wands. [potion of mutation]
  3149 | D:4      | Gained mutation: You evolve. [potion of mutation]
  3149 | D:4      | Gained mutation: Potions and wands are less effective at restoring your health. [potion of mutation]
  3151 | D:4      | Lost mutation: You evolve. [potion of cure mutation]
  3151 | D:4      | Lost mutation: You expend magic power (3 MP) to strengthen your wands. [potion of cure mutation]
  3151 | D:4      | Lost mutation: Potions and wands are less effective at restoring your health. [potion of cure mutation]
  3217 | D:5      | Entered Level 5 of the Dungeon
  3231 | D:5      | Found a snail-covered altar of Cheibriados.
  3248 | D:5      | Noticed a wyvern
  3265 | D:5      | Killed a wyvern
  3265 | D:5      | Reached XP level 8. HP: 35/69 MP: 7/7
  3453 | D:5      | Got a twisted whip
  3454 | D:5      | Identified the +8 whip "Tioc" {freeze, Int+3} (You found it on level 5 of the Dungeon)
  3487 | D:5      | Reached skill level 1 in Maces & Flails
  3857 | D:5      | Found a glowing golden altar of the Shining One.
  4412 | D:6      | Noticed Grinder
  4436 | D:5      | Reached * piety under Qazlal
  4436 | D:5      | Reached skill level 5 in Maces & Flails
  4558 | D:6      | Reached XP level 9. HP: 33/75 MP: 8/8
  4938 | D:6      | Killed Grinder
  5072 | D:6      | Found an iron altar of Okawaru.
  5238 | D:6      | Found a blossoming altar of Fedhas.
  5240 | D:6      | Found a shadowy altar of Dithmenos.
  5349 | D:6      | Found an opulent altar of Gozag.
  5729 | D:7      | Noticed Nakatomy's ghost (novice CeHu)
  5741 | D:7      | Killed Nakatomy's ghost
  5767 | D:7      | Reached XP level 10. HP: 73/84 MP: 9/9
  6045 | D:8      | Reached skill level 10 in Maces & Flails
  6057 | D:8      | Got a shimmering short sword
  6059 | D:8      | Identified the cursed +0 short sword "Zogat" {pierce, rElec rF+ rC- MR+} (You found it on level 8 of the Dungeon)
  6127 | D:8      | Found a sand-covered staircase.
  6134 | Ossuary  | Entered an ossuary
  6140 | Ossuary  | Reached ** piety under Qazlal
  6274 | Ossuary  | Noticed awk's ghost (amateur DsGl)
  6282 | Ossuary  | Killed awk's ghost
  6407 | D:8      | Reached skill level 1 in Stealth
  7124 | D:9      | Reached *** piety under Qazlal
  7255 | D:9      | Found Qouloyclipewk's General Store.
  7264 | D:9      | Bought a +0 buckler of reflection for 102 gold pieces
  7897 | D:9      | You fall through a shaft for 3 floors!
  7954 | D:12     | Noticed a hill giant
  7960 | D:12     | Killed a hill giant
  7998 | D:11     | Reached XP level 11. HP: 67/92 MP: 10/10
  8009 | D:11     | Reached **** piety under Qazlal
  8050 | D:11     | Noticed a four-headed hydra
  8050 | D:11     | Noticed a hill giant
  8064 | D:11     | Killed a four-headed hydra
  8064 | D:11     | Reached skill level 10 in Shields
  8069 | D:11     | Killed a hill giant
  8339 | D:11     | Found a staircase to the Lair.
  8415 | D:10     | Entered Level 10 of the Dungeon
  9003 | D:10     | Got a jewelled ring mail
  9014 | D:10     | Identified the +1 ring mail of Purpose {rPois Str+2} (You found it on level 10 of the Dungeon)
  9301 | D:9      | Reached ***** piety under Qazlal
  9857 | D:10     | Identified the Incunabulum of Feathers and Envenoming
  9858 | D:10     | Found Lagg's Distillery.
 10076 | D:10     | Noticed a hill giant
 10085 | D:10     | Killed a hill giant
 10429 | D:11     | Got a warped short sword
 10431 | D:11     | Identified the +3 short sword of Indomitability {freeze, MR++} (You found it on level 11 of the Dungeon)
 10532 | D:12     | Reached skill level 8 in Polearms
 10578 | D:12     | Reached skill level 10 in Armour
 10581 | D:12     | Found a staircase to the Orcish Mines.
 10657 | D:12     | Killed an unseen horror
 10701 | D:12     | Reached skill level 9 in Polearms
 10704 | D:12     | Noticed a hill giant
 10711 | D:12     | Killed a hill giant
 10732 | D:12     | Reached XP level 12. HP: 92/103 MP: 11/11
 11266 | Orc:1    | Entered Level 1 of the Orcish Mines
 11269 | Orc:1    | Noticed Snorg
 11283 | D:12     | Killed Snorg
 11400 | Orc:1    | Reached skill level 10 in Polearms
 11405 | Orc:1    | HP: 4/103 [orc warrior/scimitar (10)]
 11932 | Orc:1    | Found a roughly hewn altar of Beogh.
 12292 | Orc:2    | Entered Level 2 of the Orcish Mines
 12292 | Orc:2    | Noticed Nessos
 12301 | Orc:2    | Killed Nessos
 12598 | Orc:2    | Reached skill level 11 in Polearms
 12916 | Orc:2    | Noticed Erolcha
 12931 | Orc:2    | Killed Erolcha
 12931 | Orc:2    | Reached ****** piety under Qazlal
 12950 | Orc:2    | Found a staircase to the Elven Halls.
 12996 | Orc:2    | Noticed Sonja
 13465 | Orc:2    | Killed Sonja
 13478 | Orc:2    | Reached skill level 12 in Polearms
 14285 | Orc:2    | Found a roughly hewn altar of Beogh.
 14286 | Orc:2    | Found Piampy's General Store.
 14294 | Orc:2    | Bought a scroll of brand weapon for 320 gold pieces
 14327 | Orc:2    | Noticed an orc warlord
 14329 | Orc:2    | Found Deawig's Antique Armour Boutique.
 14330 | Orc:2    | Found a roughly hewn altar of Beogh.
 14452 | Orc:2    | Found a roughly hewn altar of Beogh.
 14460 | Orc:2    | Found a roughly hewn altar of Beogh.
 14547 | Orc:2    | Found a roughly hewn altar of Beogh.
 14548 | Orc:2    | Found Muosat's Assorted Antiques.
 14556 | Orc:2    | Bought a smoking dagger for 189 gold pieces
 14556 | Orc:2    | Bought a scroll of enchant armour for 202 gold pieces
 14556 | Orc:2    | Identified the +7 dagger of Qazlal's Benevolence {pierce, rN+} (You bought it in a shop on level 2 of the Orcish Mines)
 14645 | Orc:2    | Found a roughly hewn altar of Beogh.
 14724 | Orc:2    | Noticed a fire giant
 14724 | Orc:2    | an orc warlord changed into a fire giant
 14737 | Orc:2    | Killed a fire giant
 14737 | Orc:2    | Reached XP level 13. HP: 54/111 MP: 8/12
 14767 | Orc:2    | Found Zushritu's Antique Weapon Shop.
 15062 | Lair:1   | Entered Level 1 of the Lair of Beasts
 15163 | Lair:1   | Reached skill level 13 in Polearms
 15982 | Lair:2   | Reached skill level 1 in Evocations
 16284 | Lair:2   | Found a hole to the Spider Nest.
 16424 | Lair:2   | Reached skill level 10 in Fighting
 16899 | Lair:2   | Found a staircase to the Swamp.
 17111 | Lair:3   | Reached skill level 1 in Invocations
 17184 | Lair:3   | Reached skill level 14 in Polearms
 18650 | Lair:4   | Reached XP level 14. HP: 114/124 MP: 15/15
 18862 | Lair:4   | Got a scintillating steel ring
 19205 | Lair:5   | Noticed Urug
 19215 | Lair:5   | Killed Urug
 19221 | Lair:5   | Found a labyrinth entrance.
 19239 | Lab      | Entered a labyrinth
 20770 | Lab      | Got a translucent tin ring
 20771 | Lab      | Got a translucent falchion {flame}
 20793 | Lab      | Identified the +6 falchion of the Jester {flame, *Corrode +Fly rElec} (You took it off a minotaur in a labyrinth)
 21252 | Lair:5   | Got a dazzling long sword
 21253 | Lair:5   | Identified the +8 long sword of the Maze {slice, Int+5} (You found it on level 5 of the Lair of Beasts)
 21406 | Lair:5   | Got a twisted trident
 21407 | Lair:5   | Identified the +3 trident "Kograf" {drain, rPois rF+ MR+} (You found it on level 5 of the Lair of Beasts)
 21858 | Lair:6   | Entered Level 6 of the Lair of Beasts
 21884 | Lair:6   | Noticed Schattenjager's ghost (journeyman SpAs)
 21911 | Lair:6   | Reached skill level 1 in Long Blades
 22016 | Lair:6   | Found a staircase to the Slime Pits.
 22016 | Lair:6   | Found a viscous altar of Jiyva.
 22051 | Lair:6   | Killed Schattenjager's ghost
 22349 | Lair:5   | Identified the ring of Heagip {+Blink rN+ Dex-3 Slay+5} (You took it off a minotaur in a labyrinth)
 22351 | Lair:5   | Identified the ring "Wisar" {-Tele rC+ Int-2 Dex+8 Stlth+} (You found it on level 4 of the Lair of Beasts)
 22540 | Lair:6   | Got a twitching steel ring
 22542 | Lair:6   | Identified the ring "Deatema" {*Tele +Blink rC+ Str+4} (You found it on level 6 of the Lair of Beasts)
 22614 | Lair:6   | Reached skill level 15 in Polearms
 22728 | Lair:6   | Reached skill level 5 in Invocations
 23408 | Slime:1  | Entered Level 1 of the Pits of Slime
 23408 | Slime:1  | Noticed an azure jelly
 23419 | Slime:1  | Killed an azure jelly
 23421 | Slime:1  | Noticed an acid blob
 23792 | Lair:6   | Killed an acid blob
 23795 | Lair:6   | Reached XP level 15. HP: 112/135 MP: 18/18
 23905 | Slime:1  | Noticed an acid blob
 23905 | Slime:1  | Noticed an acid blob
 23913 | Slime:1  | Killed an acid blob
 23921 | Slime:1  | Killed an acid blob
 23963 | Slime:1  | Noticed an acid blob
 24274 | Slime:1  | Killed an acid blob
 24917 | Slime:2  | Gained mutation: Your magical capacity is low. (-10% MP) [a shining eye]
 24922 | Slime:2  | Gained mutation: You expend magic power (3 MP) to strengthen your wands. [a shining eye]
 24924 | Slime:2  | Gained mutation: You regenerate slowly when monsters are visible. [a shining eye]
 24926 | Slime:2  | Gained mutation: Your body sometimes deteriorates upon taking damage. [a shining eye]
 25030 | Slime:1  | Noticed an azure jelly
 25040 | Slime:1  | Killed an azure jelly
 25301 | Slime:2  | Gained mutation: You are clumsy. (Dex -2) [a shining eye]
 25506 | Slime:2  | Noticed an azure jelly
 25515 | Slime:2  | Killed an azure jelly
 25671 | Slime:3  | Gained mutation: You are frail. (-10% HP) [a shining eye]
 25676 | Slime:3  | Reached skill level 16 in Polearms
 25970 | Slime:3  | Noticed an azure jelly
 25976 | Slime:3  | Noticed an acid blob
 25980 | Slime:3  | Killed an azure jelly
 25985 | Slime:3  | Killed an acid blob
 25995 | Slime:3  | Noticed an acid blob
 26008 | Slime:3  | Noticed an acid blob
 26014 | Slime:3  | Killed an acid blob
 26025 | Slime:3  | Killed an acid blob
 26030 | Slime:3  | Gained mutation: You are very frail. (-20% HP) [a shining eye]
 26223 | Slime:2  | HP: 3/111 [slime creature (5)]
 26588 | Slime:5  | Entered Level 5 of the Pits of Slime
 26592 | Slime:5  | Noticed an acid blob
 26595 | Slime:5  | Noticed an acid blob
 26598 | Slime:5  | Noticed an acid blob
 27112 | Spider:1 | Entered Level 1 of the Spider Nest
 27396 | Lair:2   | Reached skill level 15 in Shields
 28008 | Spider:1 | Reached XP level 16. HP: 111/117 MP: 18/18
 29600 | Spider:1 | Reached skill level 15 in Fighting
 30154 | Spider:3 | Noticed Pytinka's ghost (journeyman MiFi)
 30166 | Spider:3 | Noticed Nikola
 30190 | Spider:2 | Reached skill level 17 in Polearms
 31369 | Spider:3 | Killed Pytinka's ghost
 32463 | Spider:3 | Killed Nikola
 32727 | Spider:3 | Noticed Arachne
 32764 | Spider:2 | Killed Arachne
 33224 | Spider:3 | Reached XP level 17. HP: 93/126 MP: 0/20
 33993 | Spider:4 | Entered Level 4 of the Spider Nest
 34015 | Spider:4 | Noticed Jorgrun
 34259 | Spider:3 | Killed Jorgrun
 35048 | Spider:4 | HP: 6/127 [spark wasp (4)]
 35051 | Spider:4 | HP: 2/127 [spark wasp (4)]
 35058 | Spider:3 | HP: 2/190 [spark wasp (19)]
 35058 | Spider:3 | Slain by a spark wasp

Skill      XL: |  1  2  3  4  5  6  7  8  9 10 11 12 13 14 15 16 17 |
---------------+----------------------------------------------------+-----
Shields        | 4 5 6 7 8 9 11 12 13 14 15 16 | 16.8
Fighting       | 4 5 6 7 8 9 11 13 14 16 | 16.5
Armour         | 4 5 6 7 8 10 11 12 13 14 | 14.6
Polearms       | 3 5 7 9 12 14 15 16 17 | 17.8
Dodging        | 1 2 3 4 |  4.1
Maces & Flails | 5 9 12 13 | 13.0
Stealth        | 1 2 |  2.0
Evocations     | 1 |  1.1
Invocations    | 3 5 7 8 9 |  9.2
Long Blades    | 1 |  1.2

Action                   |  1- 3 |  4- 6 |  7- 9 | 10-12 | 13-15 | 16-18 || total
-------------------------+-------+-------+-------+-------+-------+-------++-------
Melee: Trident           |    92 |   217 |    97 |   732 |  1051 |   766 ||  2955
       Headbutt          |    10 |    26 |    51 |   192 |   230 |   156 ||   665
       Whip              |       |       |   209 |   375 |       |       ||   584
       Long sword        |       |       |       |       |     2 |       ||     2
Invok: Upheaval          |       |       |       |     1 |       |     1 ||     2
       Elemental Force   |       |       |       |       |       |     1 ||     1
Evoke: Wand              |       |       |       |     3 |     4 |       ||     7
       Box of beasts     |       |       |       |       |     1 |       ||     1
  Use: Scroll            |       |       |    11 |    16 |    12 |     6 ||    45
       Potion            |       |       |    11 |     5 |     8 |     7 ||    31
 Stab: Distracted        |       |       |       |       |       |     1 ||     1
  Eat: Bread ration      |       |     1 |     1 |     2 |     1 |     1 ||     6
       Meat ration       |       |     1 |       |     2 |     3 |     2 ||     8
       Beef jerky        |       |       |     2 |     8 |     2 |     2 ||    14
       Royal jelly       |       |       |     1 |     2 |     2 |       ||     5
       Fruit             |       |       |       |     8 |     3 |       ||    11
       Chunk             |       |       |       |       |    16 |     3 ||    19
       Pizza             |       |       |       |       |     2 |     1 ||     3
Armor: Scale mail        |    18 |       |       |       |       |       ||    18
       Chain mail        |    10 |    63 |   112 |   108 |       |       ||   293
       Plate armour      |       |       |       |   210 |   281 |   330 ||   821
Dodge: Dodged            |    19 |    32 |    53 |   261 |   181 |   142 ||   688
       Deflected         |       |       |       |    17 |     8 |     3 ||    28
Block: Shield            |    29 |    94 |   157 |    53 |       |       ||   333
       Buckler           |       |       |       |   474 |   469 |   540 ||  1483
       Reflection        |       |       |       |    41 |    10 |       ||    51
